 Dungeon Crawl Stone Soup version 0.31-a0-189-ga26ba32dd1 (webtiles) character file.

Game seed: 2857713646119151867

8 qw the Shooter (level 2, 0/16 HPs)
             Began as a Deep Elf Hunter on June 23, 2023.
             Slain by a kobold
             ... wielding a +0 club
              (1 damage)
             ... on level 1 of the Dungeon.
             The game lasted 00:00:04 (120 turns).

qw the Shooter (Deep Elf Hunter)                     Turns: 120, Time: 00:00:05

Health: 0/16       AC:  3    Str:  8    XL:     2   Next: 0%
Magic:  4/4        EV:  9    Int: 13    God:
Gold:   5          SH:  0    Dex: 18    Spells: 1/1 levels left

rFire   . . .        a - +0 shortbow
rCold   . . .        (shield currently unavailable)
rNeg    . . .        c - +0 leather armour
rPois   .            (no helmet)
rElec   .            (no cloak)
rCorr   .            (no gloves)
SInv    .            (no boots)
Will    .....        (no amulet)
Stlth   ++           (no ring)
HPRegen 0.22/turn    (no ring)
MPRegen 0.09/turn

%: no passive effects
@: constricted
A: no striking features
a: no special abilities


You were on level 1 of the Dungeon.
You visited 1 branch of the dungeon, and saw 1 of its levels.

You collected 5 gold pieces.


   Skills:
 - Level 1.5 Fighting
 + Level 5.9 Ranged Weapons
 - Level 2.4 Dodging
 - Level 1.2 Stealth


You had one spell level left.
You didn't know any spells.
Your spell library was empty.

Inventory:

Hand Weapons
 a - a +0 shortbow (weapon)
Armour
 c - a +0 leather armour (worn)
Scrolls
 b - a scroll of butterflies

Dungeon Overview and Level Annotations

Branches:
Dungeon (1/15)

Altars:


Message History

The kobold throws a stone.
The stone misses you.
Enter note:
Enter note: You shoot an arrow.
The arrow closely misses the kobold.
The arrow barely misses the ball python.
The ball python hisses angrily.
The kobold completely misses you.
You shoot an arrow. The arrow barely misses the kobold.
The kobold hits you but does no damage.
You shoot an arrow.
The arrow hits the ball python but does no damage.
The kobold completely misses you. The ball python closely misses you. x2
You shoot an arrow.
The arrow closely misses the ball python.
The ball python bites you. The ball python closely misses you.
The kobold hits you with a +0 club. The ball python bites you.
The ball python barely misses you. The ball python misses you.
The ball python barely misses you.
You shoot an arrow.
The arrow barely misses the ball python.
The ball python misses you. The ball python grabs you.
The ball python constricts you. The kobold barely misses you.
The ball python closely misses you. The ball python bites you.
The ball python constricts you. The kobold barely misses you.
You shoot an arrow. The arrow hits the ball python.
You kill the ball python!
The ball python bites you. The ball python closely misses you.
The kobold hits you but does no damage.
You have reached level 2!
You shoot an arrow.
The arrow barely misses the ball python.
The ball python closely misses you. The ball python misses you.
The kobold hits you but does no damage.
The ball python bites you but does no damage.
The ball python completely misses you.
You shoot an arrow. The arrow hits the ball python.
The ball python is moderately wounded.
The ball python bites you. The ball python grabs you.
The ball python constricts you. The kobold hits you with a +0 club.
You die...

...............#
.............#.##.....#
....................[.#
............#...#....#
............#...#....#
...#........#.#......#
####.................# #
##.###.........%..#...
###..#..........@S......
##..........#####K....[.
.%...##..#.## .$.....
...........# .......
##[......... #.#....
#........... ......
..#.......... ......
...###....#### ... ..
.... ..#..#


You could see a ball python and a kobold.

Vanquished Creatures
  A ball python (D:1)
  An endoplasm (D:1)
  A goblin (D:1)
  A hobgoblin (D:1)
  2 kobolds (D:1)
  2 rats (D:1)
8 creatures vanquished.

Notes
Turn   | Place    | Note
-------+----------+-------------------------------------------
     0 | D:1      | qw the Deep Elf Hunter began the quest for the Orb.
     0 | D:1      | Reached XP level 1. HP: 12/12 MP: 3/3
     0 | D:1      | 0 ||| qw: Version: 0.3-a-9-g12657ce
     0 | D:1      | 0 ||| qw: Game counter: 4456
     0 | D:1      | 0 ||| qw: Always use a shield: true
     0 | D:1      | 0 ||| qw: God list: Okawaru
     0 | D:1      | 0 ||| qw: Allow faded altars: false
     0 | D:1      | 0 ||| qw: Do Orc after D:15 true
     0 | D:1      | 0 ||| qw: Do second Lair branch before Depths: true
     0 | D:1      | 0 ||| qw: Lair rune preference: random
     0 | D:1      | 0 ||| qw: Plans: Normal
     0 | D:1      | 0 ||| PLANNING D:1-11
   117 | D:1      | HP: 3/12 [constriction (1)]
   119 | D:1      | Reached XP level 2. HP: 2/16 MP: 4/4
   120 | D:1      | HP: 1/16 [constriction (1)]
   120 | D:1      | Slain by a kobold

Levels and vault maps discovered:
D:1:      dpeg_arrival_shrine, layout_rooms

Action                     || total
---------------------------++-------
   Fire: Shortbow          ||    23
 Armour: Leather armour    ||     4
  Dodge: Dodged            ||    21

Table legend:
 A = Non-vault XP
 B = Vault XP
 C = Vault XP percentage of total XP
 D = Non-vault monster count
 E = Vault monster count
 F = Vault count percentage of total count
                 A         B        C        D         E       F
            +---------+---------+-------+---------+---------+-------
      Total |      12 |       0 |   0.0 |       8 |       0 |   0.0
            +---------+---------+-------+---------+---------+-------
        D:1 |      12 |       0 |   0.0 |       8 |       0 |   0.0
            +---------+---------+-------+---------+---------+-------
